 Dungeon Crawl Stone Soup version 0.29.1-1-gd02db6906a (webtiles) character file.

Game seed: 7778831696876158920

0 MajorAdolf the Stinger (level 1, -1/15 HPs)
             Began as a Naga Wanderer on Oct 2, 2022.
             Frozen to death by an endoplasm (5 damage)
             ... on level 1 of the Dungeon.
             The game lasted 00:00:47 (34 turns).

MajorAdolf the Stinger (Naga Wanderer)                Turns: 34, Time: 00:00:48

Health: -1/15      AC:  2    Str: 12    XL:     1   Next: 10%
Magic:  0/2        EV:  9    Int: 10    God:
Gold:   0          SH:  0    Dex: 14    Spells: 1/2 levels left

rFire   . . .      SeeInvis +   a - +0 sling
rCold   . . .      Faith    .   (no shield)
rNeg    . . .      Spirit   .   d - +0 leather armour
rPois   +          Reflect  .   b - +0 helmet
rElec   .          Harm     .   (no cloak)
rCorr   .          Rampage  .   (no gloves)
Will    .....                   (no barding)
Stlth   ++........              (no amulet)
HPRegen 0.05/turn               (no ring)
MPRegen 0.08/turn               (no ring)

@: very slow
A: AC +0, large, see invisible, deformed body, poison resistance, slowness 2,
spit poison 1, naga tail 1
a: Spit Poison


You were on level 1 of the Dungeon.
You visited 1 branch of the dungeon, and saw 1 of its levels.

Inventory:

Hand Weapons
 a - a +0 sling (weapon)
Armour
 b - a +0 helmet (worn)
 d - a +0 leather armour (worn)
Potions
 c - a potion of attraction


   Skills:
 - Level 1.0 Ranged Weapons
 - Level 1.0 Dodging
 - Level 4.4 Stealth
 + Level 1.0 Spellcasting
 + Level 0.0 Transmutations
 + Level 5.3 Poison Magic


You had one spell level left.
You knew the following spells:

 Your Spells              Type           Power      Damage    Failure   Level
a - Sting                 Tmut/Pois      20%        1d4       14%         1

Your spell library contained the following spells:

 Spells                   Type           Power      Damage    Failure   Level
 Ignite Poison            Fire/Tmut/Pois 4%         N/A       54%         3
 Mephitic Cloud           Conj/Pois/Air  4%         N/A       54%         3


Dungeon Overview and Level Annotations

Branches:
Dungeon (1/15)

Altars:


Innate Abilities, Weirdness & Mutations

Your serpentine skin is tough. (AC +0)
You have supernaturally acute eyesight. (SInv)
Armour fits poorly on your strangely shaped body.
Your system is resistant to poisons. (rPois)
You cover ground very slowly.
You can spit poison.
You have a snake-like lower body.


Message History

Aim: an endoplasm (97% to hit)
The sting hits the endoplasm.
The endoplasm is poisoned.
The endoplasm is lightly wounded.
Aiming: Sting (safe; 14% risk of failure)
Press: ? - help, Q - select action, (/) - cycle Shift-Dir - straight line, f/p - endoplasm
Aim: an endoplasm (moderately wounded, poisoned, 97% to hit)
The sting hits the endoplasm.
The endoplasm partially resists.
The endoplasm is severely wounded.
You don't have enough magic to cast this spell.
You don't have enough magic to cast this spell.
Unknown command.
You have got your breath back.
The endoplasm closely misses you. The endoplasm attacks as you move away!
The endoplasm hits you.
Aiming: Spit Poison (3% risk of failure)
Press: ? - help, Shift-Dir - straight line, f/p - endoplasm
Aim: an endoplasm (severely wounded, poisoned, 96% to hit)
The splash of poison misses the endoplasm.
The splash of poison hits the endoplasm but does no damage.
The endoplasm is lightly wounded.
The endoplasm looks more healthy.
The endoplasm freezes you.
You are frozen.
The endoplasm freezes you.
You are frozen.
You have got your breath back.
The endoplasm hits you but does no damage.
The endoplasm freezes you.
You are frozen.
* * * LOW HITPOINT WARNING * * *
You don't have enough magic to cast this spell.
You don't have enough magic to cast this spell.
Fire: a) +0 sling
Press: ? - help, Q - select action, (/) - cycle Shift-Dir - straight line, f/p - endoplasm
Aim: an endoplasm (almost dead, 84% to hit)
You shoot a sling bullet. The sling bullet hits the endoplasm!
You kill the endoplasm!
The endoplasm freezes you.
You are frozen.
You die...

#.. ..# #.# #.# #.# #.#
#.####.### #########
##.##.....#
##.......###...#†....###
##.........##...........#
##.....8.....#J..#..........
...^8..8..8..@..##.......###
#...........###########.#
#....<....## .# ##.......##
# #########


You could see an endoplasm.

Vanquished Creatures
  An endoplasm (D:1)
  A frilled lizard (D:1)
2 creatures vanquished.

Notes
Turn   | Place    | Note
-------+----------+-------------------------------------------
     0 | D:1      | MajorAdolf the Naga Wanderer began the quest for the Orb.
     0 | D:1      | MajorAdolf set off with the following items: a +0 sling, a
                  | +0 helmet, a potion of attraction, a +0 leather armour; and
                  | the following spell memorised: Sting; and the following
                  | spells available to memorise: Ignite Poison, Mephitic
                  | Cloud.
     0 | D:1      | Reached XP level 1. HP: 15/15 MP: 2/2
    34 | D:1      | Frozen to death by an endoplasm

Illustrated notes

Levels and vault maps discovered:
D:1:      dreamdust_arrival_beginning_and_end, layout_loops_ring,
          minmay_crystal_water

Action                   || total
-------------------------++-------
 Fire: Sling             ||     1
 Cast: Sting             ||     2
 Abil: Spit Poison       ||     3
Armor: Leather armour    ||     1
Dodge: Dodged            ||     1
